 Dungeon Crawl Stone Soup version 0.22-a0-482-g76e0a5f (webtiles) character file.

68 LairdRich the Skirmisher (level 4, 0/29 HPs)
             Began as a Gargoyle Berserker on June 17, 2018.
             Was a Follower of Trog.
             Killed by nerve-wracking pain
             ... invoked by Jessica
              (3 damage)
             ... on level 2 of the Dungeon.
             The game lasted 00:04:35 (1337 turns).

LairdRich the Skirmisher (Gargoyle Berserker)       Turns: 1337, Time: 00:04:36

Health: 0/29       AC:  6    Str: 20    XL:     4   Next: 19%
Magic:  4/4        EV: 12    Int:  8    God:    Trog [*.....]
Gold:   82         SH:  0    Dex: 10    Spells: 3/3 levels left

rFire    . . .     SeeInvis .   a - +0 hand axe
rCold    . . .     Gourm    .   (no shield)
rNeg     + . .     Faith    .   e - +0 leather armour
rPois    ∞         Spirit   .   (no helmet)
rElec    +         Reflect  .   (no cloak)
rCorr    .         Harm     .   (no gloves)
MR       .....                  (no boots)
Stlth    +.........             (no amulet)
HPRegen  0.09/turn              (no ring)
MPRegen  0.09/turn              (no ring)

@: slowed, very slow
A: negative energy resistance 1, electricity resistance, unbreathing,
petrification resistance, rot immunity, AC +3
a: Berserk, Renounce Religion


You were on level 2 of the Dungeon.
You worshipped Trog.
Trog was aware of your devotion.
You were not hungry.

You visited 1 branch of the dungeon, and saw 2 of its levels.

You collected 82 gold pieces.

Inventory:

Hand Weapons
 a - a +0 hand axe (weapon)
 b - a +0 hunting sling
Armour
 e - a +0 leather armour (worn)
 l - a +0 animal skin
Jewellery
 o - a cursed ring of poison resistance {unknown}
Scrolls
 i - a scroll of remove curse {unknown}
 j - 2 scrolls of identify {unknown}
 m - a scroll of fog {unknown}
 n - 2 scrolls of magic mapping {unknown}
Potions
 d - a potion of haste {unknown}
 f - a potion of curing {unknown}
 g - 3 potions of degeneration {unknown}
 h - a potion of resistance {unknown}
 p - a potion of might {unknown}
Comestibles
 c - 2 rations


   Skills:
 + Level 3.7 Fighting
 * Level 3.5 Axes
 + Level 2.9 Armour
 + Level 2.0 Dodging


You had 3 spell levels left.
You didn't know any spells.
Your spell library was empty.

Dungeon Overview and Level Annotations

Branches:
Dungeon (2/15)

Altars:

Annotations:
D:2 Jessica


Innate Abilities, Weirdness & Mutations

You are resistant to torment.
Your stone body is resilient. (AC +3)
You are immune to poison.
You resist negative energy. (rN+)
You are resistant to electric shocks. (rElec)
You can survive without breathing.
You are immune to petrification.
You are immune to rotting.


Message History

The jackal bites you but does no damage.
The jackal closely misses you. The jackal closely misses you.
The jackal bites you but does no damage.
The jackal bites you but does no damage.
The jackal closely misses you.
Jessica casts a spell.
Jessica blinks!
The jackal misses you.
You barely miss Jessica. You hit the jackal.
Jessica points at you and mumbles some strange words.
You feel yourself slow down. The jackal misses you.
Jessica mumbles some strange words.
Jessica blinks!
The jackal barely misses you.
Jessica mumbles some strange words.
Jessica blinks!
The jackal barely misses you.
You recover from your berserk rage.
Jessica gestures at you while chanting. Pain shoots through your body!
You die...

.# .# .. ..# .# #.# .# #.# .# #.#
#.########## .# #<#
#......g...##########
.###.#######.§..@§hh...........##
......................###.......#
.###.#######.@........###.#####.#
.###.............................
..##..######.####.#######.#####.#
..##..######.# #.# #.#
.....(.......####.#######.#####.#
#.##.....)............@..@......#
......##)##..####.##.####.#######


You could see Jessica, 2 jackals and a hobgoblin.

Vanquished Creatures
  Terence (D:2)
  3 dart slugs (D:1)
  A giant cockroach (D:1)
  3 goblins (D:1)
  4 hobgoblins
  A jackal (D:1)
  7 bats
  2 frilled lizards (D:2)
  10 kobolds
  5 rats
37 creatures vanquished.

Notes
Turn   | Place    | Note
-------+----------+-------------------------------------------
     0 | D:1      | LairdRich the Gargoyle Berserker began the quest for the Orb.
     0 | D:1      | Reached XP level 1. HP: 14/14 MP: 1/1
    95 | D:1      | Reached XP level 2. HP: 2/19 MP: 2/2
   605 | D:1      | Reached XP level 3. HP: 23/23 MP: 3/3
  1278 | D:2      | Noticed Terence
  1296 | D:2      | Killed Terence
  1296 | D:2      | Reached XP level 4. HP: 16/29 MP: 4/4
  1302 | D:2      | Noticed Jessica
  1316 | D:2      | HP: 1/29 [jackal (2)]
  1337 | D:2      | Killed from afar by Jessica

Vault maps used:
D:1:      dpeg_arrival_brainrot
D:2:      roderic_st_hans_cross, uniq_jessica, uniq_terence

Skill      XL: |  1  2  3 |
---------------+----------+-----
Axes           | 3 |  3.5
Dodging        | 2 |  2.0
Fighting       | |  3.7
Armour         | |  2.9

Action                   |  1- 3 |  4- 6 || total
-------------------------+-------+-------++-------
Melee: Hand axe          |   119 |     1 ||   120
Invok: Berserk           |     1 |       ||     1
  Eat: Chunk             |     1 |     1 ||     2
Armor: Animal skin       |    14 |       ||    14
       Leather armour    |    54 |    13 ||    67
Dodge: Dodged            |   100 |    20 ||   120

Table legend:
 A = Spawn XP
 B = Non-spawn XP
 C = Spawn XP percentage of total XP
 D = Spawn monster count
 E = Non-spawn monster count
 F = Spawn count percentage of total count
 G = Total turns spent on level
                    A         B        C        D         E        F      G
               +---------+---------+-------+---------+---------+-------+---------
         Total |       0 |      98 |   0.0 |       0 |      37 |   0.0 |  1337
               +---------+---------+-------+---------+---------+-------+---------
           D:1 |       0 |      42 |   0.0 |       0 |      23 |   0.0 |   916
           D:2 |       0 |      56 |   0.0 |       0 |      14 |   0.0 |   421
               +---------+---------+-------+---------+---------+-------+---------
